Map: Ascension to Aiur LE

Players

avilo

  • Race: Terran Terran
  • League: Master
  • Spawn Location: 11:00

Ascarecrow - Winner!

  • Race: Zerg Zerg
  • League: Diamond
  • Spawn Location: 5:00

VOD

Have the link to the VOD?

Description

Time

  • Played on: Nov. 19, 2017, 9:01 p.m.
  • Length: 21:29
Show
View Real Time Build Order
Export as new Build Order

avilo Terran 

Build Orders: Reaper Expand, Bio Mine 

Get SALT Encoding   

  12  0:01  SCV  
  13  0:13  SCV  
  14  0:18  Supply Depot  
  14  0:25  SCV  
  15  0:39  SCV  
  15  0:40  Barracks  
  16  0:46  Refinery  
  16  0:51  SCV  
  17  1:03  SCV  
  18  1:15  SCV  
  19  1:28  Orbital Command  
  19  1:29  Reaper  
  20  1:42  Command Center  
  20  1:54  Supply Depot, SCV  
  20  2:00  Marine  
  22  2:06  SCV  
  23  2:14  Factory  
  23  2:18  SCV  
  24  2:23  Barracks Reactor  
  23  2:30  SCV  
  24  2:42  SCV  
  25  2:49  Command Center  
  25  2:54  SCV  
  25  2:55  Orbital Command  
  26  3:02  Factory Tech Lab  
  26  3:07  SCV  
  26  3:10  Hellion x2  
  31  3:13  Barracks Tech Lab  
  31  3:19  SCV  
  32  3:21  SCV  
  33  3:30  Supply Depot  
  33  3:31  Hellion x2  
  33  3:32  SCV  
  38  3:34  Marine  
  38  3:38  Stimpack  
  38  3:40  SCV  
  40  3:44  SCV  
  41  3:52  Marine  
  41  3:56  SCV  
  41  3:57  SCV  
  41  4:01  Factory Reactor  
  43  4:03  Barracks  
  43  4:04  Barracks  
  43  4:05  Orbital Command  
  43  4:09  SCV  
  44  4:10  SCV, Marine  
  46  4:19  Engineering Bay  
  46  4:21  SCV  
  46  4:22  Engineering Bay  
  46  4:28  Marine  
  46  4:29  SCV  
  45  4:32  SCV  
  45  4:35  Refinery  
  45  4:36  SCV  
  47  4:41  Refinery  
  47  4:42  SCV  
  47  4:44  SCV  
  49  4:46  Marine  
  49  4:48  SCV  
  49  4:50  Starport  
  51  4:53  Marine x2  
  51  4:54  SCV  
  51  4:57  SCV  
  55  5:01  Terran Infantry Weapons Level 1  
  55  5:02  Marine x2  
  55  5:04  SCV, Marine  
  59  5:08  Refinery, SCV  
  59  5:12  Terran Infantry Armor Level 1  
  59  5:13  SCV  
  61  5:18  Supply Depot, SCV, Marine x2  
  61  5:21  SCV  
  65  5:26  Orbital Command  
  65  5:28  Medivac, Factory Reactor  
  67  5:37  Supply Depot  
  67  5:40  Marine x4  
  67  5:42  Supply Depot  
  73  5:47  SCV  
  73  5:48  Barracks x2  
  73  5:49  Combat Shields  
  72  5:52  SCV  
  72  5:53  SCV  
  72  5:55  Marine  
  75  5:58  Marine x3  
  75  6:00  SCV  
  75  6:03  Liberator  
  79  6:04  Liberator, SCV  
  79  6:08  Supply Depot  
  79  6:09  Supply Depot  
  80  6:13  SCV  
  80  6:15  SCV, Marine x3  
  80  6:17  SCV, Factory Reactor  
  92  6:26  Armory  
  92  6:28  SCV  
  92  6:29  Marine x2  
  95  6:33  Marine  
  95  6:34  SCV  
  95  6:35  SCV  
  95  6:36  Bunker  
  95  6:37  Barracks Reactor x2  
  98  6:40  Marine x2  
  100  6:47  Marine x2  
  100  6:48  SCV x2  
  100  6:51  Marine  
  100  6:52  SCV  
  106  6:56  Supply Depot  
  106  6:57  Supply Depot  
  106  6:58  Widow Mine  
  106  7:00  Supply Depot, SCV  
  109  7:12  Concussive Shells  
  109  7:17  Widow Mine, Marine x4  
  109  7:18  SCV x2  
  109  7:20  Barracks x2, Unknown  
  109  7:21  Barracks, Terran Infantry Weapons Level 2  
  117  7:24  Terran Infantry Armor Level 2  
  118  7:30  SCV x2  
  118  7:32  Medivac x2  
  118  7:35  Supply Depot  
  123  7:37  SCV  
  113  7:47  SCV  
  113  7:49  Marine x4  
  110  7:52  Marine  
  110  7:53  Command Center  
  110  7:55  Marine x2  
  110  7:58  Marine x2  
  115  8:01  Widow Mine x2  
  116  8:07  Marine x2  
  116  8:08  Barracks Tech Lab  
  109  8:15  Barracks Tech Lab x2  
  109  8:16  Marine x5  
  111  8:20  Medivac x2  
  111  8:21  Marine  
  111  8:26  Marine  
  111  8:27  Marauder, Marine x2  
  117  8:30  Widow Mine x2  
  117  8:33  Command Center  
  124  8:34  Liberator x2  
  124  8:37  Marauder x2  
  128  8:45  Marauder, Marine x3  
  128  8:46  Supply Depot  
  135  8:48  Marauder, Supply Depot  
  141  9:05  Marauder x2  
  141  9:07  Marauder, Marine x2  
  149  9:10  Widow Mine x2  
  151  9:18  Marauder, Marine x5  
  151  9:19  Marine  
  157  9:25  Marine  
  157  9:27  Refinery  
  157  9:28  Marauder, Marine  
  157  9:30  Marine x2  
  163  9:36  Marine x2  
  165  9:40  Refinery  
  165  9:44  Liberator x2  
  165  9:49  Marine  
  165  9:50  Marauder, Marine x2  
  166  9:53  Marauder  
  166  9:54  Marauder, Marine x2  
  166  9:55  Planetary Fortress  
  178  10:09  Orbital Command  
  178  10:11  Terran Infantry Weapons Level 3  
  178  10:18  SCV x2  
  180  10:26  Marauder, Marine  
  180  10:27  Marauder, Marine x5  
  187  10:41  Terran Infantry Armor Level 3, Marine x2  
  187  10:42  Supply Depot x2  
  186  10:45  Widow Mine x2  
  186  10:46  Liberator x2  
  186  10:47  Starport  
  190  10:50  Marauder, Marine x2  
  190  10:51  Marine  
  190  10:55  Marine  
  200  11:09  Missile Turret  
  200  11:10  Marauder  
  182  11:13  Missile Turret  
  149  11:21  Marauder  
  149  11:23  Marine x3  
  149  11:25  Widow Mine x2  
  123  11:27  Marine x3  
  123  11:30  Missile Turret x2  
  123  11:31  Marine  
  128  11:34  Marine  
  128  11:35  Marine x3  
  132  11:43  Missile Turret, Starport Tech Lab  
  132  11:46  Medivac x2, Terran Ship Weapons Level 1  
  136  11:53  Widow Mine x2, Marine x3  
  136  11:54  Marauder, Marine  
  146  12:02  Command Center  
  146  12:03  Marine x3  
  146  12:04  Marauder, Marine  
  152  12:13  Marauder, Marine x3  
  156  12:18  Medivac  
  156  12:19  Medivac  
  156  12:21  Orbital Command, Missile Turret  
  155  12:29  Missile Turret  
  155  12:30  Missile Turret  
  155  12:31  Missile Turret  
  155  12:32  Missile Turret  
  155  12:33  Missile Turret  
  155  12:34  Factory  
  150  12:41  Factory Tech Lab  
  147  12:46  Marauder, Marine x3  
  147  12:50  Medivac x2  
  153  12:51  Medivac  
  153  12:55  Marauder, Marine x5  
  153  12:56  Marauder, Marine  
  165  13:04  Thor, Marine x2  
  173  13:07  Marauder  
  171  13:20  Command Center  
  171  13:21  Marine x6  
  171  13:26  Marine x4  
  181  13:40  Marauder  
  183  13:41  Marauder, Marine x3  
  183  13:45  Marauder  
  183  13:47  Marauder, Marine x2  
  194  13:48  Marine  
  194  13:50  Marine x2  
  197  13:59  Marine x3  
  197  14:00  Factory Tech Lab  
  200  14:10  Factory Tech Lab  
  200  14:13  Liberator x2  
  200  14:16  Barracks Tech Lab  
  200  14:19  Command Center  
  200  14:23  Marauder  
  190  14:26  Marauder, Marine x2  
  200  14:32  Drilling Claws  
  200  15:03  Command Center  
  200  15:06  Command Center  
  200  15:08  Planetary Fortress  
  200  15:14  Liberator x2  
  200  15:27  Marauder  
  200  15:28  Marauder, Marine x2  
  150  15:29  Marauder, Marine x2  
  150  15:30  Marauder  
  150  15:31  Liberator  
  150  15:32  Marine x2  
  150  15:33  Marauder  
  150  15:34  Thor  
  127  15:35  Thor  
  131  15:46  Marine x2  
  131  15:47  Marine x2  
  131  15:48  Marine  
  141  15:50  Marauder, Marine x3  
  141  15:51  Marauder  
  146  16:03  Marauder, Marine  
  146  16:04  Marine  
  150  16:07  Marauder  
  150  16:08  Marauder  
  150  16:11  Marauder, Marine x4  
  156  16:12  Marauder  
  156  16:16  Orbital Command  
  160  16:21  Marine x2  
  160  16:23  Thor  
  160  16:24  Marauder  
  170  16:29  Marine x2  
  170  16:30  Marauder  
  170  16:33  Thor  
  170  16:34  Marauder  
  175  16:44  Marine  
  175  16:45  Liberator  
  175  16:46  Marauder  
  176  16:51  Marine x2  
  176  16:52  Barracks Tech Lab  
  171  16:55  Marauder, Marine x2  
  171  16:56  Marine  
  171  17:00  Marine  
  177  17:02  Marine  
  177  17:05  Thor  
  177  17:07  Liberator x2, Marine  
  186  17:09  Marine x2  
  186  17:12  Marauder, Marine  
  186  17:13  Marine x2  
  177  17:16  Marauder, Thor  
  177  17:18  Marine  
  177  17:20  Marine  
  181  17:28  Orbital Command  
  187  17:33  Marauder  
  189  17:43  Marine  
  190  17:44  Orbital Command  
  190  17:48  SCV  
  190  17:49  Liberator, Barracks Tech Lab  
  190  17:50  Barracks Tech Lab x2  
  190  17:51  Marine x3  
  193  17:54  Marauder  
  196  18:04  Planetary Fortress  
  199  18:16  SCV  
  199  18:17  Liberator  
  199  18:18  Liberator  
  200  18:22  Marauder, Marine x2  
  200  18:24  Marauder, Marine x2  
  166  18:28  Marauder  
  166  18:31  Marauder  
  166  18:33  Marine x2  
  128  18:39  Missile Turret, SCV  
  128  18:40  Missile Turret, Marine x2  
  137  18:41  Marine  
  137  18:42  Marine  
  137  18:44  Marauder, SCV  
  137  18:45  Marauder, SCV  
  137  18:46  SCV  
  137  18:47  SCV  
  147  18:49  Marauder  
  147  18:51  SCV, Marine  
  147  18:53  Thor  
  147  18:57  Orbital Command  
  147  18:59  Refinery x3, SCV  
  147  19:00  Marauder, Marine x2  
  152  19:05  Marauder  
  154  19:14  Marauder x2, Barracks Tech Lab  
  158  19:19  SCV  
  158  19:20  SCV  
  158  19:21  Marauder  
  161  19:27  Marauder, Refinery  
  161  19:28  Refinery  
  163  19:35  Marauder x2  
  163  19:37  Marauder  
  158  19:40  Marine x4  
  158  19:42  Marauder  
  158  19:44  Marine  
  121  19:47  Marine  
  121  19:48  Marauder  
  119  19:55  Widow Mine x2  
  119  19:57  Marauder x2  
  119  19:58  Marine x4  
  119  19:59  Marauder  
  115  20:02  Marine  
  115  20:04  Marine  
  115  20:05  Marine  
  88  20:09  Marine  
  89  20:16  Marine x4  
  89  20:18  Marauder x2  
  89  20:19  Marine  
  89  20:20  Marauder  
  100  20:22  Marine  
  100  20:23  Marine  
  100  20:27  Medivac, Marauder  
  106  20:31  SCV  
  106  20:34  Marine x2  
  106  20:35  SCV  
  110  20:36  SCV  
  110  20:39  Marauder  
  110  20:40  Medivac, Marauder  
  110  20:42  Marauder  
  119  20:49  Marauder  
  113  20:50  Marine x2  
  113  20:54  Barracks Tech Lab  
  114  21:00  SCV  
  114  21:01  Marauder x2, Refinery  
  114  21:02  Refinery  
  114  21:03  Marauder  
  121  21:05  Barracks Tech Lab, Marine x2  
  121  21:08  Marine x2  
  121  21:09  Marine  
Show
View Real Time Build Order
Export as new Build Order

Ascarecrow Zerg - Winner!

Build Orders: Pool First, Muta Ling Bane 

Get SALT Encoding   

  12  0:01  Drone  
  13  0:12  Overlord  
  13  0:17  Drone  
  14  0:31  Drone x2  
  16  0:36  Drone  
  17  0:48  Spawning Pool  
  16  0:50  Drone  
  17  0:58  Drone  
  18  1:12  Hatchery  
  18  1:13  Extractor  
  18  1:16  Drone  
  17  1:20  Drone  
  18  1:35  Zergling x2  
  20  1:40  Queen, Drone  
  22  1:51  Overlord  
  22  2:10  Drone  
  23  2:18  Queen  
  25  2:28  Drone x3  
  25  2:29  Queen  
  30  2:32  Metabolic Boost  
  30  2:50  Hatchery  
  29  2:54  Drone x4  
  29  2:55  Drone  
  34  3:02  Overlord  
  34  3:14  Drone  
  34  3:15  Drone  
  36  3:29  Zergling x4  
  36  3:30  Zergling x12  
  44  3:43  Overlord x2  
  44  3:56  Overlord, Lair  
  44  3:57  Overlord  
  43  4:04  Drone  
  43  4:05  Drone x3  
  43  4:06  Queen  
  49  4:20  Queen  
  51  4:30  Drone  
  51  4:31  Drone x7  
  58  4:34  Spore Crawler  
  58  4:38  Spore Crawler  
  56  4:41  Queen  
  58  4:47  Overlord x2  
  58  4:54  Queen  
  58  4:55  Extractor x2  
  58  5:01  Queen  
  58  5:03  Drone x3  
  58  5:04  Drone x3  
  66  5:13  Drone x3  
  69  5:14  Drone  
  69  5:15  Drone x2  
  69  5:16  Drone  
  73  5:24  Evolution Chamber x2  
  73  5:27  Baneling Nest  
  70  5:32  Drone  
  70  5:33  Drone x3  
  74  5:36  Queen, Overseer  
  74  5:42  Drone x5  
  81  5:43  Drone  
  81  5:48  Overlord, Drone x2  
  84  5:53  Zerg Ground Armor Level 1  
  84  5:56  Zerg Melee Weapons Level 1  
  84  6:00  Drone  
  84  6:01  Overlord  
  85  6:15  Centrifical Hooks  
  85  6:16  Drone, Hatchery  
  85  6:17  Drone  
  85  6:18  Drone x5  
  91  6:22  Extractor x2  
  91  6:23  Drone x3  
  91  6:25  Drone x2  
  94  6:26  Drone  
  95  6:36  Spire  
  95  6:37  Drone  
  95  6:38  Extractor  
  95  6:39  Drone x3  
  97  6:43  Baneling x12  
  97  6:48  Overlord x2  
  97  7:05  Queen  
  99  7:20  Drone x2  
  99  7:21  Zergling x20  
  99  7:22  Hatchery, Zergling x4  
  113  7:26  Baneling x3  
  112  7:30  Overlord x4  
  106  7:51  Baneling x2  
  103  7:52  Baneling  
  103  7:55  Zergling x12  
  103  7:56  Zergling x10  
  109  8:04  Zergling x16  
  107  8:22  Drone  
  107  8:23  Drone x6  
  107  8:25  Queen  
  116  8:28  Zerg Flyer Weapons Level 1  
  116  8:35  Queen  
  116  8:36  Drone x9  
  127  8:41  Baneling  
  127  8:42  Baneling x18  
  127  8:44  Zergling x6  
  127  8:48  Zerg Melee Weapons Level 2, Zerg Ground Armor Level 2  
  130  9:02  Zergling x28  
  144  9:03  Zergling x4  
  138  9:17  Baneling x4  
  138  9:19  Mutalisk x5  
  138  9:22  Overlord x4  
  138  9:23  Overlord x2  
  148  9:43  Overseer  
  148  9:44  Mutalisk x8  
  148  9:45  Mutalisk x2  
  168  10:00  Infestation Pit  
  168  10:02  Pneumatized Carapace  
  168  10:05  Zergling x12  
  168  10:06  Zergling x14  
  180  10:08  Baneling  
  180  10:09  Baneling x8  
  180  10:10  Baneling  
  180  10:12  Overlord x2  
  177  10:26  Zergling x2  
  177  10:27  Zergling x22  
  185  10:30  Baneling x2  
  185  10:31  Baneling x12  
  185  10:42  Hive  
  183  10:50  Zergling x14  
  183  10:51  Zergling x10  
  177  11:15  Zergling x26  
  177  11:16  Zergling x2  
  151  11:32  Zergling x16  
  159  11:40  Overseer  
  159  11:44  Baneling  
  159  11:45  Baneling x26  
  159  11:53  Drone x9  
  168  11:58  Extractor  
  168  11:59  Extractor  
  166  12:03  Overseer  
  166  12:07  Zerg Ground Armor Level 3  
  166  12:09  Zergling x2  
  166  12:10  Zergling x30  
  166  12:12  Ultralisk Cavern  
  179  12:52  Zerg Melee Weapons Level 3  
  177  13:07  Zergling x24  
  177  13:09  Overlord  
  177  13:10  Overlord x5  
  177  13:11  Chitinous Plating  
  189  13:13  Adrenal Glands  
  189  13:14  Hatchery  
  189  13:18  Corruptor  
  189  13:19  Corruptor x2  
  188  13:39  Baneling  
  188  13:40  Baneling x16  
  188  13:41  Baneling x6  
  188  13:44  Ultralisk  
  194  14:12  Zerg Flyer Armor Level 1  
  181  14:27  Ultralisk  
  181  14:28  Ultralisk x2  
  197  14:35  Baneling  
  197  14:36  Baneling x13  
  197  14:49  Zergling x4  
  197  14:50  Zergling x2  
  200  14:54  Hatchery  
  166  15:33  Ultralisk  
  166  15:34  Ultralisk x6  
  196  15:38  Zergling x2  
  196  15:39  Zergling x4  
  196  15:42  Corruptor  
  198  16:01  Zergling x2  
  199  16:04  Baneling x5  
  199  16:05  Baneling x9  
  199  16:07  Burrow  
  199  16:10  Overseer  
  197  16:36  Hatchery  
  197  16:37  Zergling x6  
  195  16:55  Corruptor x2  
  196  17:06  Corruptor x2  
  175  17:17  Corruptor x7  
  175  17:18  Corruptor x5  
  190  17:34  Ultralisk, Corruptor  
  198  17:38  Zergling x4  
  200  18:02  Hatchery  
  199  18:10  Overseer  
  199  18:11  Overseer  
  172  18:28  Ultralisk  
  172  18:29  Ultralisk x3  
  172  18:31  Zergling x16  
  172  18:32  Zergling x24  
  180  18:41  Ultralisk  
  181  18:59  Hatchery  
  180  19:04  Ultralisk  
  180  19:05  Ultralisk x2  
  180  19:09  Zergling x2  
  199  19:10  Zergling x2  
  200  19:17  Baneling  
  200  19:18  Baneling x11  
  174  19:48  Zergling x2  
  174  19:49  Zergling x36  
  174  19:50  Zergling x24  
  174  20:08  Ultralisk x3  
  174  20:14  Extractor  
  185  20:16  Extractor  
  184  20:22  Ultralisk  
  190  20:33  Drone x3  
  190  20:34  Drone x3  
  196  21:02  Zergling x8  
Tags
 
Add a new tag
Caveats
  • Supply blocks, unpowered buildings, or Contaminate may cause inaccurate times.
  • Supply counts are checked every 10 seconds.